 Dungeon Crawl Stone Soup version 0.28-a0-1235-g7c8fac35f0 (webtiles) character file.

Game seed: 13901924288489061379

166 Zonian the Insei (level 5, -1/39 HPs)
             Began as a Merfolk Transmuter on Dec 24, 2021.
             Was an Initiate of Nemelex Xobeh.
             Slain by a black bear (4 damage)
             ... on level 4 of the Dungeon.
             The game lasted 00:10:33 (5839 turns).

Zonian the Insei (Merfolk Transmuter)               Turns: 5839, Time: 00:10:34

Health: -1/39      AC:  2    Str: 10    XL:     5   Next: 47%
Magic:  9/9        EV: 13    Int: 13    God:    Nemelex Xobeh [......]
Gold:   122        SH:  0    Dex: 16    Spells: 3/9 levels left

rFire   . . .      SeeInvis .   j - +1 dagger (venom)
rCold   . . .      Faith    .   (no shield)
rNeg    . . .      Spirit   .   a - +0 robe
rPois   .          Reflect  .   (helmet currently unavailable)
rElec   .          Harm     .   (no cloak)
rCorr   .          Rampage  .   (no gloves)
Will    .....                   (boots currently unavailable)
Stlth   +.........              h - amulet of magic regeneration
HPRegen 0.13/turn               (no ring)
MPRegen 0.51/turn               (no ring)

@: appendages (expiring)
A: horns 2, (nimble swimmer 2), mertail
a: End Transformation, Renounce Religion, Draw Escape, Draw Destruction, Draw
Summoning


You were on level 4 of the Dungeon.
You worshipped Nemelex Xobeh.
Nemelex Xobeh was noncommittal.
You had temporarily grown beastly horns.
You visited 2 branches of the dungeon, and saw 5 of its levels.

You collected 122 gold pieces.

Inventory:

Hand Weapons
 d - a +0 dagger
 f - a +0 short sword of chaos
 j - a +1 dagger of venom (weapon)
 o - a +0 spear
Armour
 a - a +0 robe (worn)
Jewellery
 h - an amulet of magic regeneration (around neck)
 i - a ring of see invisible
Wands
 b - a wand of mindburst (12)
 q - a wand of acid (7)
Scrolls
 e - 2 scrolls of immolation
 n - a scroll of noise {unknown}
Potions
 c - a potion of curing
 g - a potion of haste
 k - a potion of flight
 l - a potion of mutation
 m - a potion of lignification
 p - a potion of heal wounds {unknown}


   Skills:
 + Level 2.4 Fighting
 + Level 1.0 Short Blades
 + Level 3.7 Dodging
 - Level 3.9 Unarmed Combat
 + Level 2.8 Spellcasting
 + Level 3.9 Transmutations
 + Level 1.2 Poison Magic


You had 3 spell levels left.
You knew the following spells:

 Your Spells              Type           Power      Damage    Failure   Level
a - Beastly Appendage     Tmut           24%        N/A       4%          1
b - Wereblood             Tmut           12%        N/A       7%          2
c - Spider Form           Tmut/Pois      8%         N/A       24%         3

Your spell library contained the following spells:

 Spells                   Type           Power      Damage    Failure   Level
 Blink                    Tloc           2%         N/A       34%         2
 Ice Form                 Ice/Tmut       7%         N/A       71%         4
 Petrify                  Tmut/Erth      7%         N/A       71%         4
 Airstrike                Air            0%         N/A       93%         4
 Summon Lightning Spire   Summ/Air       1%         N/A       93%         4
 Lightning Bolt           Conj/Air       0%         1d11      100%        5
 Manifold Assault         Tloc           1%         N/A       100%        5
 Metabolic Englaciation   Hex/Ice        0%         N/A       100%        5
 Summon Forest            Summ/Tloc      0%         N/A       100%        5
 Summon Mana Viper        Hex/Summ       1%         N/A       100%        5
 Statue Form              Tmut/Erth      4%         N/A       100%        6
 Summon Cactus Giant      Summ           0%         N/A       100%        6
 Storm Form               Tmut/Air       3%         N/A       100%        7


Dungeon Overview and Level Annotations

Branches:
Dungeon (4/15)             Temple (1/1) D:4

Altars:
Ashenzari
Cheibriados
Dithmenos
Elyvilon
Fedhas
Gozag
Hepliaklqana
Kikubaaqudgha
Makhleb
Nemelex Xobeh
Qazlal
Ru
Sif Muna
Trog
Uskayaw
Vehumet
Wu Jian
Xom
Yredelemnul
Zin
The Shining One

Shops:
D:4 [


Innate Abilities, Weirdness & Mutations

You have temporarily grown beastly horns.
((You are very nimble when in or above water. (Stealth+, EV+, Speed+++)))
Your lower body shifts to a powerful aquatic tail in water.


Message History

Unknown command.
A black bear comes into view.
A black bear is nearby!
Unknown command.
The black bear growls angrily.
You grow a pair of large bovine horns.
The black bear barely misses you. The black bear claws you. x2
You barely miss the black bear. The black bear misses you.
The black bear barely misses you. The black bear claws you.
You hit the black bear.
You headbutt the black bear, but do no damage.
The black bear is lightly wounded.
The black bear bites you. The black bear completely misses you.
The black bear barely misses you.
You hit the black bear.
The black bear is poisoned.
The black bear is lightly wounded.
The black bear closely misses you. The black bear claws you.
The black bear barely misses you.
You hit the black bear.
The black bear is moderately wounded.
The black bear bites you!
The black bear claws you but does no damage.
The black bear claws you.
You closely miss the black bear. You headbutt the black bear.
The black bear is heavily wounded.
The black bear closely misses you. The black bear claws you.
* * * LOW HITPOINT WARNING * * *
The black bear claws you.
* * * LOW HITPOINT WARNING * * *
Your transformation is almost over.
You hit the black bear but do no damage.
The black bear looks even sicker.
The black bear is severely wounded.
The black bear bites you.
* * * LOW HITPOINT WARNING * * *
The black bear claws you.
* * * LOW HITPOINT WARNING * * *
The black bear claws you.
You die...
Your body disappears without a glow.

# ## ###### .#
##....# .## ##.
##.....# ..##
#....########...##.#
...#
.......@h......##..#
<..# #.#
.....########..#...#
..## .. ... #..##..#
..# #.# . #...##.#
..# .. ##...###
####.# ##...##
.##..# ##...# ..#..#
##..# #>..## ##.#


You could see a black bear (very poisoned).

Vanquished Creatures
  An orc wizard (D:3)
  5 adders
  2 worms (D:2)
  A dart slug (D:3)
  6 orcs
  7 endoplasms
  3 giant cockroaches
  4 goblins
  5 hobgoblins
  8 jackals
  7 kobolds
  2 quokkas
  5 ball pythons
  11 bats
  3 frilled lizards
  8 rats
78 creatures vanquished.

Vanquished Creatures (others)
  2 plants (D:2)
2 creatures vanquished.

Grand Total: 80 creatures vanquished

Notes
Turn   | Place    | Note
-------+----------+-------------------------------------------
     0 | D:1      | Zonian the Merfolk Transmuter began the quest for the Orb.
     0 | D:1      | Reached XP level 1. HP: 15/15 MP: 3/3
   147 | D:1      | Reached XP level 2. HP: 19/21 MP: 5/5
   487 | D:1      | You fall into a shaft and drop 1 floor!
   487 | D:2      | Found an ornate altar of the Wu Jian Council.
   709 | D:2      | Reached XP level 3. HP: 15/27 MP: 4/6
  2004 | D:2      | Reached XP level 4. HP: 9/33 MP: 5/7
  2769 | D:2      | Learned a level 2 spell: Wereblood
  2773 | D:2      | Learned a level 3 spell: Spider Form
  4480 | D:3      | Reached XP level 5. HP: 35/39 MP: 7/9
  4545 | D:3      | Reached skill level 1 in Poison Magic
  4969 | D:3      | Reached skill level 1 in Short Blades
  5255 | D:4      | Found a staircase to the Ecumenical Temple.
  5270 | Temple   | Entered the Ecumenical Temple
  5487 | Temple   | Became a worshipper of Nemelex Xobeh the Trickster
  5702 | D:4      | Found Xemurr's Armour Shop.
  5815 | D:4      | Noticed a black bear
  5839 | D:4      | Slain by a black bear

Illustrated notes

Levels and vault maps discovered:
D:1:      mrwooster_arrival_statue_2, layout_rooms, basic_ecumenical_altar,
          nrook_mini_vaults, minmay_misc_feat_more_columns
D:2:      cheibrodos_old_hovel, layout_basic, basic_altar
D:3:      layout_basic, minmay_distorted
D:4:      black_bear_nest_2, layout_cave_pods, minmay_temple_entry_grid,
          serial_shops, nicolae_shop_behind_doors
Temple:   mainiacjoe_temple_archimedes_tessellation

Skill      XL: |  1  2  3  4  5 |
---------------+----------------+-----
Dodging        | 3 |  3.7
Transmutations | 3 |  3.9
Fighting       | 2 |  2.4
Poison Magic   | 1 |  1.2
Short Blades   | 1 |  1.0
Unarmed Combat | |  3.9
Spellcasting   | |  2.8

Action                   |  1- 3 |  4- 6 || total
-------------------------+-------+-------++-------
Melee: Unarmed           |   121 |    62 ||   183
       Headbutt          |    21 |    11 ||    32
       Punch             |     1 |     2 ||     3
       Dagger            |       |    76 ||    76
 Cast: Beastly Appendage |    27 |    23 ||    50
       Wereblood         |       |     1 ||     1
  Use: Potion            |       |     1 ||     1
       Scroll            |       |     6 ||     6
 Stab: Sleeping          |       |     1 ||     1
Armor: Robe              |    24 |    15 ||    39
Dodge: Dodged            |   103 |    76 ||   179

Table legend: (Time is in decaauts)
 A = Elapsed time spent in this place.
 B = Non-inter-level travel time spent in this place.
 C = Inter-level travel time spent in this place.
 D = Time resting spent in this place.
 E = Time spent auto-exploring this place.
 F = Levels seen in this place.
 G = Mean time per level.
                   A        B        C        D        E       F      G
               +--------+--------+--------+--------+--------+-----+--------+
         Total |   5787 |   5688 |     99 |   2378 |   2333 |   5 | 1157.4 |
       Dungeon |   5577 |   5502 |     75 |   2378 |   2184 |   4 | 1394.2 |
        Temple |    210 |    186 |     24 |      0 |    149 |   1 |  210.0 |
               +--------+--------+--------+--------+--------+-----+--------+

Top non-repeatable levels by time:
     D:2: 3227 daAuts
     D:3: 1437 daAuts
     D:1: 484 daAuts
     D:4: 427 daAuts
  Temple: 210 daAuts
